 Dungeon Sprint DCSS version 0.29-a0-668-g12ee2bf84d (webtiles) character file.

Game seed: 10621546334416303296

0 shadowstone the Shield-Bearer (level 1, -4/14 HPs)
             Began as a Gargoyle Fighter on June 23, 2022.
             Frozen to death by an endoplasm (5 damage)
             ... in the Dungeon (Sprint VI: "Thunderdome").
             The game lasted 00:01:17 (91 turns).

shadowstone the Shield-Bearer (Gargoyle Fighter)      Turns: 91, Time: 00:01:18

Health: -4/14      AC:  9    Str: 19    XL:     1   Next: 20%
Magic:  1/1        EV:  9    Int:  8    God:
Gold:   200        SH:  4    Dex:  9    Spells: 0/0 levels left

rFire   . . .      SeeInvis .   a - +0 long sword
rCold   . . .      Faith    .   c - +0 buckler
rNeg    + . .      Spirit   .   b - +0 scale mail
rPois   ∞          Reflect  .   (no helmet)
rElec   +          Harm     .   (no cloak)
rCorr   .          Rampage  .   (no gloves)
Will    .....      NoTele   +   (no boots)
Stlth   ..........              (no amulet)
HPRegen 0.04/turn               (no ring)
MPRegen 0.07/turn               (no ring)

@: no status effects
A: sickness immunity, AC +2, negative energy resistance 1, electricity
resistance, torment resistance 1, petrification resistance
a: no special abilities


You were in the Dungeon.
You visited 1 branch You collected 200 gold pieces.

Inventory:

Hand Weapons
 a - a +0 long sword (weapon)
Armour
 b - a +0 scale mail (worn)
 c - a +0 buckler (worn)
Wands
 k - a wand of acid (5)
 l - a wand of iceblast (5)
Scrolls
 j - 4 scrolls of blinking
 m - 3 scrolls of fog
Potions
 d - a potion of might
 e - a potion of curing
 f - 4 potions of heal wounds
 g - 4 potions of haste
 h - 2 potions of magic
 i - a potion of berserk rage
 n - a potion of resistance


   Skills:
 + Level 3.5 Fighting
 + Level 1.8 Long Blades
 + Level 3.5 Armour
 + Level 3.5 Shields


You couldn't memorise any spells.
You didn't know any spells.
Your spell library was empty.

Dungeon Overview and Level Annotations

Branches:
Dungeon (1/1)

Altars:
Cheibriados
Dithmenos
Fedhas
Gozag
Kikubaaqudgha
Makhleb
Okawaru
Qazlal
Ru
Sif Muna
Trog
Uskayaw
Vehumet
Wu Jian
Xom
Yredelemnul
Zin
The Shining One
Beogh
Lugonu

Shops:
D *[??*?*:[((!!!!


Innate Abilities, Weirdness & Mutations

You are immune to sickness and miasma.
Your stone body is resilient. (AC +2)
You are immune to poison.
You resist negative energy. (rN+)
You are resistant to electric shocks. (rElec)
You are resistant to unholy torment.
You are immune to petrification.


Message History

There is a blossoming altar of Fedhas here.
There is an ornate altar of the Wu Jian Council here.
Found a roughly hewn altar of Beogh.
Found a sacrificial altar of Ru.
There is a spawn point here.
Found Junukk's Identification Station and Ossag's Advanced Armour.
Found Degg's Jewellery.
An endoplasm comes into view.
The endoplasm quivers.
There is a roughly hewn altar of Beogh here.
An endoplasm comes into view.
There is a sacrificial altar of Ru here.
The endoplasm quivers.
There is an entrance to Junukk's Identification Station here.
Found three altars.
The endoplasm hits you.
You barely miss the endoplasm. The endoplasm freezes you.
You are frozen.
You hit the endoplasm but do no damage. The endoplasm barely misses you.
You barely miss the endoplasm.
The endoplasm hits you but does no damage.
You block the endoplasm's attack.
The endoplasm hits you but does no damage.
You hit the endoplasm.
The endoplasm is almost dead.
The endoplasm barely misses you. The endoplasm hits you.
You barely miss the endoplasm.
The endoplasm is almost dead.
The endoplasm jiggles.
The endoplasm freezes you.
You are frozen.
* * * LOW HITPOINT WARNING * * *
The endoplasm freezes you.
You are frozen.
* * * LOW HITPOINT WARNING * * *
You hit the endoplasm.
You kill the endoplasm!
The endoplasm freezes you.
You are frozen.
You die...

#.8.........8
##.___......###....
###∩........8. #.8..
##.............###....
#⌠..........# #...###.
#⌠..........# #.<.# #.
#⌠..........###...###.
#....J........###....
#∩@.......8.# #.8..
##∩.__......###....
######.8.........8
#⌠...........
###.........#
#........_#
#_......._#
#_......._#
#∩.......∩#


You could see an endoplasm.

Vanquished Creatures
  2 endoplasms (D)
2 creatures vanquished.

Notes
Turn   | Place    | Note
-------+----------+-------------------------------------------
     0 | D        | shadowstone the Gargoyle Fighter began the quest for the
                  | Orb.
     0 | D        | Reached XP level 1. HP: 14/14 MP: 1/1
     2 | D        | Found a basalt altar of Yredelemnul.
     2 | D        | Found a glowing golden altar of the Shining One.
     3 | D        | Found a shadowy altar of Dithmenos.
     3 | D        | Found a radiant altar of Vehumet.
     4 | D        | Found a snail-covered altar of Cheibriados.
     5 | D        | Found a burning altar of Makhleb.
     5 | D        | Found a corrupted altar of Lugonu.
     5 | D        | Found Zopporghud's Staff Store.
     5 | D        | Found Titanad's Magic Scroll Shop.
     5 | D        | Round 1.
     6 | D        | Found Biek Qoo's Must-Have Magic.
     6 | D        | Found Fussale's Magic Scroll Shop.
    17 | D        | Found an opulent altar of Gozag.
    18 | D        | Found Xomas's Distillery.
    20 | D        | Found an iron altar of Okawaru.
    20 | D        | Found a stormy altar of Qazlal.
    20 | D        | Found Seileur's Do-It-Yourself Clinic.
    22 | D        | Found Pyaseg's Distillery.
    22 | D        | Found Omoax's Bottled Wisdom.
    44 | D        | Found a bloodstained altar of Trog.
    45 | D        | Found a glowing silver altar of Zin.
    46 | D        | Found an ancient bone altar of Kikubaaqudgha.
    46 | D        | Found Soculuoca's Weapon Rack.
    48 | D        | Found Miquimer's Basic Armour.
    48 | D        | Found Kepaps's Miscellaneous Merchandise.
    55 | D        | Found Plog's Premium Goods.
    55 | D        | Found a blossoming altar of Fedhas.
    55 | D        | Found an ornate altar of the Wu Jian Council.
    73 | D        | Found a sacrificial altar of Ru.
    76 | D        | Found Junukk's Identification Station.
    76 | D        | Found Ossag's Advanced Armour.
    77 | D        | Found Degg's Jewellery.
    85 | D        | Found a hide-covered altar of Uskayaw.
    85 | D        | Found a shimmering altar of Xom.
    85 | D        | Found a shimmering blue altar of Sif Muna.
    91 | D        | Frozen to death by an endoplasm

Illustrated notes

Levels and vault maps discovered:
D:        arena_sprint

Action                   || total
-------------------------++-------
Melee: Long sword        ||    10
Armor: Scale mail        ||     4
Dodge: Dodged            ||     4
Block: Buckler           ||     1

Table legend: (Time is in decaauts)
 A = Elapsed time spent in this place.
 B = Non-inter-level travel time spent in this place.
 C = Inter-level travel time spent in this place.
 D = Time resting spent in this place.
 E = Time spent auto-exploring this place.
 F = Levels seen in this place.
 G = Mean time per level.
                   A        B        C        D        E       F      G
               +--------+--------+--------+--------+--------+-----+--------+
         Total |     94 |     92 |      2 |      0 |      0 |   1 |   94.0 |
       Dungeon |     94 |     92 |      2 |      0 |      0 |   1 |   94.0 |
               +--------+--------+--------+--------+--------+-----+--------+

Top non-repeatable levels by time:
       D: 94 daAuts
